cohdb
Replays
Latest Replays
All Replays
Popular Replays
Top Player Replays
Match Explorer
How It Works
Community
CoH3 Stats
Reddit
Sign in to upload your games and track your stats! →
Sign in with Steam
Match 44458947
Unlisted
Match 44458947
Overview
Messages
Build Orders
End
Panzergrenadier Squad
250 Light Carrier
Panzergrenadier Squad
Selects Panzerjäger Kommand Battlegroup
Construct Light Support Kompanie
Selects Mine Fields
Fire Support Elements
Selects GrB 39 Grenade Launcher Requisition
MG34 Team
Flakvierling Half-track
2.5-tonne Medical Truck
Forward Retreat Point
le.IG 18 Support Gun Team
Construct Panzerarmee Kommand
Selects Early Warning
Selects Butterfly Bomb Drop
Pak 38 Anti-tank Gun Team
Walking Stuka Rocket Launcher
Tungsten Core Ammunition
Selects Crew Shock Tactics
Early Warning
Panzer III L Medium Tank
Butterfly Bomb Drop
Panzer III L Medium Tank
Butterfly Bomb Drop
Panzergrenadier Squad
Selects Anti-tank Overwatch
Armored Reserves
Anti-tank Overwatch
Ares
Valar[M]orgHulis
St4RgAz3R*
Cilak
[PD] PragerSchinken
mukade
蟑螂恶霸
Maknil
0
0
Comments
sign in to comment!
No comments posted yet!